Map: Disco Bloodbath LE

Players

MattDeitz

  • Race: Terran Terran
  • League: Platinum
  • Spawn Location: 3:00

pHARM - Winner!

  • Race: Zerg Zerg
  • League: Platinum
  • Spawn Location: 9:00

VOD

Have the link to the VOD?

Description

Time

  • Played on: Sept. 1, 2019, 11:18 a.m.
  • Length: 12:24
Show
View Real Time Build Order
Export as new Build Order

MattDeitz Terran 

Build Orders:  

Get SALT Encoding   

  12  0:00  SCV  
  13  0:13  SCV  
  14  0:18  Supply Depot  
  14  0:25  SCV  
  15  0:40  Barracks, SCV  
  16  0:46  Refinery  
  16  0:52  SCV  
  17  1:04  SCV  
  18  1:16  SCV  
  19  1:28  SCV, Reaper  
  21  1:35  Command Center  
  21  1:40  SCV  
  22  1:51  Supply Depot  
  22  1:52  SCV  
  23  1:58  Refinery  
  23  2:13  SCV  
  24  2:17  Factory  
  24  2:25  SCV  
  24  2:26  Barracks Reactor  
  25  2:55  SCV  
  25  2:56  SCV  
  26  3:08  SCV  
  26  3:10  Bunker  
  27  3:13  Factory Tech Lab  
  27  3:17  Marine  
  27  3:18  Marine, Starport  
  29  3:25  SCV x2  
  31  3:27  Barracks  
  31  3:35  Marine x2  
  31  3:37  Siege Tank, SCV x2  
  38  3:48  Supply Depot  
  38  3:49  SCV x2  
  40  3:56  Starport Reactor  
  40  4:01  SCV x2  
  42  4:07  Engineering Bay  
  42  4:13  Siege Tank  
  42  4:15  Liberator  
  45  4:17  Barracks Tech Lab  
  45  4:18  SCV x2  
  45  4:21  Refinery  
  47  4:25  Liberator  
  47  4:26  Supply Depot  
  47  4:30  SCV  
  54  4:47  Supply Depot  
  54  4:56  SCV x2  
  54  4:57  Marine x2  
  54  4:58  Marauder  
  60  5:00  Stimpack  
  60  5:08  SCV x2, Supply Depot  
  60  5:12  Refinery  
  62  5:20  SCV x2  
  64  5:24  Marine x3  
  67  5:33  Orbital Command  
  67  5:37  Orbital Command  
  67  5:41  Marine  
  67  5:42  Marine  
  69  5:50  Marine  
  70  5:57  Supply Depot  
  70  5:58  Supply Depot  
  70  5:59  Marine x2  
  70  6:01  SCV  
  73  6:07  Marine  
  73  6:08  Siege Tank  
  77  6:13  SCV  
  77  6:17  Liberator x2  
  78  6:19  Marine x2  
  78  6:25  Marine, SCV  
  65  6:36  Marine x2  
  65  6:37  SCV  
  72  6:40  Siege Tank  
  72  6:43  Marine  
  71  6:54  Marine x2  
  71  7:01  Marine  
  72  7:03  SCV x2  
  72  7:07  Command Center  
  72  7:08  Terran Infantry Weapons Level 1  
  75  7:12  Marine x2  
  75  7:15  SCV  
  78  7:16  Liberator x2  
  78  7:19  Marine  
  78  7:20  Concussive Shells  
  78  7:30  Marine x2  
  78  7:32  Siege Tank  
  78  7:33  Command Center  
  78  7:36  Marine  
  89  7:38  Supply Depot  
  89  7:39  Supply Depot  
  90  7:44  Armory  
  90  8:02  Marine x3  
  93  8:06  Siege Tank  
  93  8:12  Supply Depot  
  96  8:14  Supply Depot  
  96  8:19  Barracks  
  96  8:20  Marine, Barracks  
  97  8:29  Liberator x2  
  97  8:42  Marine  
  97  8:43  Marine x2  
  97  8:45  Siege Tank  
  109  9:00  Marine x3  
  112  9:12  Liberator  
  112  9:17  Siege Tank  
  112  9:18  Marine x3  
  121  9:36  Marine x2  
  121  9:46  Liberator  
  121  9:49  Siege Tank  
  124  9:55  Liberator  
  124  10:00  Marine x3  
  130  10:18  Marine  
  121  10:21  Siege Tank  
  99  10:34  Liberator  
  91  10:38  Liberator  
  91  10:45  Marine x3  
  91  10:49  Marine x2  
  87  10:54  Siege Tank  
  90  11:03  Marine x3  
  90  11:07  Marine x2, Command Center  
  92  11:17  Liberator  
  91  11:20  Liberator  
  91  11:22  Marine x3  
  91  11:24  Marine  
  82  11:26  Siege Tank  
  82  11:32  Marine  
  80  11:39  Marine x2  
  86  11:40  Marine  
  86  11:42  Marine  
  90  11:49  Command Center  
Show
View Real Time Build Order
Export as new Build Order

pHARM Zerg - Winner!

Build Orders: Hatch First 

Get SALT Encoding   

  12  0:02  Drone  
  13  0:12  Drone  
  14  0:19  Overlord  
  14  0:42  Drone x3  
  17  1:01  Drone  
  18  1:06  Hatchery  
  17  1:20  Spawning Pool  
  17  1:21  Drone x2  
  18  1:30  Drone  
  19  1:44  Extractor  
  18  1:50  Drone x2  
  20  2:00  Overlord  
  20  2:10  Queen  
  22  2:18  Zergling x2  
  22  2:19  Queen  
  22  2:21  Zergling x2  
  26  2:29  Drone  
  27  2:30  Drone  
  27  2:42  Drone x3  
  29  2:57  Drone  
  29  2:58  Drone  
  31  3:04  Drone x2  
  33  3:12  Drone  
  34  3:14  Overlord  
  34  3:20  Metabolic Boost  
  34  3:23  Drone  
  35  3:29  Lair  
  35  3:34  Queen  
  35  3:35  Drone  
  35  3:36  Drone x5  
  43  3:45  Overlord x2  
  43  3:54  Hatchery  
  43  3:55  Drone  
  43  4:05  Drone x9  
  43  4:09  Pneumatized Carapace  
  52  4:16  Extractor  
  51  4:17  Extractor  
  51  4:21  Baneling Nest  
  49  4:25  Evolution Chamber  
  49  4:26  Evolution Chamber  
  49  4:28  Zergling x8  
  51  4:36  Queen  
  53  4:48  Hatchery  
  52  4:55  Drone x2  
  52  4:58  Zerg Melee Weapons Level 1  
  54  5:00  Zergling x10  
  54  5:03  Overlord x3  
  59  5:11  Centrifical Hooks  
  59  5:25  Zergling x2  
  59  5:26  Zergling x12  
  59  5:28  Overlord  
  66  5:29  Queen  
  68  5:50  Drone  
  68  5:51  Zergling x16  
  68  5:53  Hydralisk Den  
  68  5:54  Zerg Ground Armor Level 1  
  68  5:55  Baneling x4  
  76  5:57  Baneling  
  76  6:00  Baneling  
  76  6:03  Baneling  
  76  6:12  Baneling  
  76  6:13  Baneling x2  
  76  6:15  Baneling  
  61  6:42  Drone  
  61  6:43  Drone x15  
  77  6:52  Grooved Spines  
  77  7:39  Extractor  
  77  7:42  Zerg Melee Weapons Level 2  
  76  7:45  Extractor  
  76  7:46  Extractor  
  76  7:50  Overlord x8  
  76  7:51  Overlord x7  
  74  7:53  Drone  
  74  7:54  Drone x10  
  74  7:57  Hatchery  
  84  8:03  Muscular Augments  
  84  8:09  Infestation Pit  
  83  8:20  Zergling x4  
  83  8:21  Zergling x28  
  99  8:33  Spire  
  98  8:35  Hydralisk x7  
  98  8:41  Baneling x16  
  112  8:52  Spore Crawler  
  112  8:54  Spore Crawler  
  110  8:59  Hive  
  110  9:03  Hydralisk x5  
  108  9:46  Zergling x28  
  108  9:47  Zergling x20  
  108  9:48  Corruptor  
  134  10:12  Corruptor x6  
  102  10:36  Corruptor x2  
  102  10:37  Corruptor x5  
  98  11:17  Hatchery x2  
  87  11:37  Hydralisk  
  87  11:38  Hydralisk x12  
  87  11:39  Overlord  
  113  11:40  Overlord x2  
Tags
 
Add a new tag
Caveats
  • Supply blocks, unpowered buildings, or Contaminate may cause inaccurate times.
  • Supply counts are checked every 10 seconds.